 Dungeon Crawl Stone Soup version 0.25.1-1-g288607f5aa (webtiles) character file.

Game seed: 12759554097059014479

13450 protoss039 the Eclecticist (level 11, 0/54 HPs)
             Began as a Deep Elf Earth Elementalist on July 19, 2020.
             Was a High Priest of Vehumet.
             Slain by a slime creature (16 damage)
             ... on level 12 of the Dungeon.
             The game lasted 00:49:17 (14054 turns).

protoss039 the Eclecticist (DEEE)                  Turns: 14054, Time: 00:49:18

Health: 0/54       AC:  7    Str:  5    XL:     11   Next: 75%
Magic:  4/32       EV: 12    Int: 24    God:    Vehumet [*****.]
Gold:   1025       SH:  0    Dex: 15    Spells: 26/41 levels left

rFire    + + .     SeeInvis .   J - +4 hand axe of Woe {vorpal, rN+}
rCold    . . .     Gourm    .   (no shield)
rNeg     + . .     Faith    .   y - +3 leather armour of the Wumpus {*Corrode rF+ Stlth+}
rPois    .         Spirit   .   (no helmet)
rElec    .         Reflect  .   (no cloak)
rCorr    .         Harm     .   (no gloves)
MR       +....                  n - +0 pair of boots (curse)
Stlth    ++........             D - amulet of regeneration
HPRegen  0.58/turn              G - ring of wizardry
MPRegen  0.23/turn              u - ring of protection from fire

@: very slow
A: no striking features
a: Renounce Religion


You were on level 12 of the Dungeon.
You worshipped Vehumet.
Vehumet was extremely pleased with you.
You were not hungry.

You visited 2 branches of the dungeon, and saw 13 of its levels.
You also visited: Ossuary.

You collected 1025 gold pieces.

Inventory:

Hand Weapons
 q - a +2 dagger of holy wrath
 J - the +4 hand axe of Woe (weapon) {vorpal, rN+}
   (You found it on level 11 of the Dungeon)

   It inflicts extra damage upon your enemies.
   It protects you from negative energy.
Missiles
 b - 164 stones (quivered)
Armour
 n - a cursed +0 pair of boots (worn)
 y - the +3 leather armour of the Wumpus (worn) {*Corrode rF+ Stlth+}
   (You found it on level 5 of the Dungeon)

   It protects you from fire.
   It may corrode you when you take damage.
   It makes you more stealthy.
Jewellery
 m - an uncursed ring of resist corrosion {unknown}
 u - a ring of protection from fire (right hand)
 B - an uncursed ring of resist corrosion {unknown}
 D - an amulet of regeneration (around neck)
 F - an uncursed ring of magical power {unknown}
 G - a ring of wizardry (left hand)
Wands
 a - a wand of disintegration (4)
 c - a wand of digging (11)
 r - a wand of paralysis (11)
 v - a wand of flame (53)
 I - a wand of polymorph (13)
 M - a wand of enslavement (9)
Scrolls
 e - 5 scrolls of remove curse {unknown}
 g - 11 scrolls of teleportation
 i - 4 scrolls of magic mapping {unknown}
 k - a scroll of immolation
 o - 3 scrolls of amnesia
 t - 3 scrolls of enchant weapon {unknown}
 w - 2 scrolls of enchant armour {unknown}
 A - a scroll of blinking
 C - 2 scrolls of fear
 H - a scroll of brand weapon
 K - a scroll of vulnerability {unknown}
Potions
 f - 7 potions of curing
 h - 3 potions of might {unknown}
 j - a potion of haste {unknown}
 l - 2 potions of degeneration {unknown}
 p - a potion of ambrosia {unknown}
 s - 4 potions of heal wounds {unknown}
 x - a potion of stabbing {unknown}
 z - 3 potions of brilliance {unknown}
 E - 2 potions of berserk rage {unknown}
Comestibles
 d - 30 rations
 L - 10 chunks of flesh


   Skills:
 - Level 4.0 Armour
 - Level 3.0 Dodging
 - Level 3.0 Stealth
 + Level 15.8 Spellcasting
 + Level 6.4 Conjurations
 - Level 1.1 Transmutations
 + Level 12.9 Earth Magic


You had 26 spell levels left.
You knew the following spells:

 Your Spells              Type           Power        Failure   Level  Hunger
a - Sandblast             Erth           ######       0%          1    None
b - Passwall              Tmut/Erth      ######..     1%          2    None
c - Stone Arrow           Conj/Erth      ######       1%          3    None
d - Petrify               Tmut/Erth      ######..     1%          4    None
e - Lee's Rapid Deconstr  Erth           ######....   1%          5    ##.....

Your spell library contained the following spells:

 Spells                   Type           Power        Failure   Level  Hunger
 Ozocubu's Refrigeration  Ice            ###.......   52%         6    ####...
 Animate Skeleton         Necr           N/A          1%          1    None
 Infusion                 Chrm           ###.         1%          1    None
 Pain                     Necr           ###.         1%          1    None
 Shroud of Golubria       Chrm/Tloc      ###...       2%          2    None
 Song of Slaying          Chrm           ###.....     2%          2    None
 Ozocubu's Armour         Chrm/Ice       ###.....     6%          3    None
 Spectral Weapon          Hex/Chrm       ###.....     6%          3    None
 Vampiric Draining        Necr           ###.......   6%          3    None
 Animate Dead             Necr           N/A          17%         4    None
 Agony                    Necr           ###.....     43%         5    ##.....


Dungeon Overview and Level Annotations

Branches:
Dungeon (12/15)            Temple (1/1) D:4            Lair (0/6) D:8
Ossuary (visited)
    Orc: D:9-12

Altars:
Ashenzari
Cheibriados
Dithmenos
Elyvilon
Fedhas
Gozag
Hepliaklqana
Kikubaaqudgha
Makhleb
Nemelex Xobeh
Okawaru
Qazlal
Ru
Sif Muna
Trog
Uskayaw
Vehumet
Wu Jian
Xom
Yredelemnul
Zin
The Shining One

Shops:
D:6 (   D:7 (   D:11 (

Annotations:
D:7 1 runed translucent door, Gwenloh's ghost, novice HuFi
D:8 1 exclusion


Message History

Confirm with . or Enter, or press ? or * to list all spells.
Aiming: Sandblast (safe; 0% risk of failure)
Press: ? - help, Shift-Dir - straight line, f/p - slime creature
Aim: a slime creature (moderately wounded)
Okay, then.
Items here: % ( ) ÷ a +0 hand axe; a large rock; 4 chunks of flesh; an orc skeleton
Items here: ) [[ | ÷÷
Things that are here:
3 large rocks; a cyclops skeleton
Found a stone staircase leading up.
The slime creature hits you!
Found a stone staircase leading down.
You enter the shallow water.
Moving in this stuff is going to be slow.
The hobgoblin hits you.
* * * LOW HITPOINT WARNING * * *
The hobgoblin hits you but does no damage.
The slime creature hits you!
You die...

.. ...# #
#######..≈≈≈ #.
#....#≈.≈≈≈≈
###.##.#≈≈≈≈≈≈≈≈
##≈≈...≈≈≈≈≈≈≈≈# #
#≈≈≈≈≈≈≈≈≈≈≈≈≈.# .#
#≈≈≈≈≈≈≈<≈≈≈≈≈.#..#
..#≈))†≈≈≈≈@≈≈.....>
#....)≈≈≈#gJ.≈..##.
###..≈....J...#
#.#...)#####...#
.......)|..J(...#
##^#....#####...#
#.......# <...#
##.###... ....# #.
.... ...#.#


You could see 2 slime creatures and a hobgoblin.

Vanquished Creatures
  Harold (D:10)
  Fannar (D:12)
  2 two-headed ogres
  Sonja (D:11)
  An ugly thing (D:11)
  2 cyclopes
  2 trolls
  A slime creature (D:12)
  3 hippogriffs
  A shadow (D:9)
  A spriggan (D:8)
  A wyvern (D:11)
  3 hungry ghosts
  3 yaks (D:10)
  A water moccasin (D:9)
  3 black bears
  4 sky beasts
  6 orc warriors
  2 ice beasts
  3 phantoms
  2 eyes of draining (D:11)
  6 ogres
  9 centaurs
  5 bullfrogs
  2 scorpions
  8 killer bees
  An electric eel (D:12)
  7 howler monkeys
  4 crimson imps
  A bullfrog zombie (D:11)
  2 centaur zombies (D:11)
  10 hounds
  A bullfrog skeleton (D:9)
  3 centaur skeletons
  3 jellies
  7 orc priests
  Ijyb (D:3)
  Natasha (thrice) (D:4)
  10 orc wizards
  11 worker ants
  8 iguanas
  A big kobold zombie (Ossuary)
  2 mummies (Ossuary)
  A worker ant zombie (D:9)
  7 gnolls
  14 adders
  5 shadow imps
  An adder skeleton (D:5)
  An adder zombie (D:7)
  2 worms
  6 dart slugs
  10 leopard geckos
  36 orcs
  A ball python (D:3)
  3 giant cockroaches
  6 hobgoblins
  9 jackals
  7 quokkas
  5 bats
  3 frilled lizards
  5 goblins
  5 goblin zombies (Ossuary)
  3 hobgoblin zombies (Ossuary)
  10 kobolds
  5 orc zombies (Ossuary)
  A quokka skeleton (D:5)
  25 rats
320 creatures vanquished.

Notes
Turn   | Place    | Note
-------+----------+-------------------------------------------
     0 | D:1      | protoss039 the Deep Elf Earth Elementalist began the quest
                  | for the Orb.
     0 | D:1      | Reached XP level 1. HP: 10/10 MP: 6/6
   285 | D:1      | Reached XP level 2. HP: 15/15 MP: 1/8
   987 | D:2      | Reached XP level 3. HP: 19/19 MP: 10/10
  1763 | D:2      | Found a glowing silver altar of Zin.
  1901 | D:2      | Reached skill level 4 in Spellcasting
  2173 | D:2      | Reached XP level 4. HP: 19/24 MP: 12/12
  2372 | D:3      | Noticed Ijyb
  2380 | D:3      | Paralysed by Ijyb for 2 turns
  2389 | D:3      | Paralysed by Ijyb for 3 turns
  2415 | D:3      | Paralysed by Ijyb for 3 turns
  2418 | D:3      | Killed Ijyb
  2957 | D:3      | Reached skill level 5 in Spellcasting
  2966 | D:3      | Found a glowing drain.
  2970 | D:3      | Reached XP level 5. HP: 18/28 MP: 8/14
  3074 | D:3      | Reached skill level 5 in Earth Magic
  3579 | D:4      | Found a burning altar of Makhleb.
  3585 | D:4      | Found a staircase to the Ecumenical Temple.
  3588 | D:4      | Found a sand-covered staircase.
  3597 | Temple   | Entered the Ecumenical Temple
  3645 | Temple   | Became a worshipper of Vehumet
  3807 | D:4      | Reached skill level 6 in Spellcasting
  3813 | D:4      | Reached XP level 6. HP: 32/32 MP: 13/17
  3819 | Ossuary  | Entered an ossuary
  3823 | Ossuary  | Learned a level 2 spell: Passwall
  3827 | Ossuary  | Learned a level 3 spell: Stone Arrow
  3832 | Ossuary  | Learned a level 4 spell: Petrify
  3838 | Ossuary  | Learned a level 5 spell: Lee's Rapid Deconstruction
  4207 | D:4      | Reached * piety under Vehumet
  4207 | D:4      | Offered knowledge of Magic Dart by Vehumet.
  4290 | D:4      | Noticed Natasha
  4297 | D:4      | Killed Natasha
  4297 | D:4      | Reached skill level 7 in Spellcasting
  4629 | D:4      | Noticed Natasha
  4633 | D:4      | Killed Natasha
  4711 | D:4      | Noticed Natasha
  4720 | D:4      | Killed Natasha
  4720 | D:4      | Reached XP level 7. HP: 17/36 MP: 3/19
  5068 | D:5      | Entered Level 5 of the Dungeon
  5430 | D:5      | Reached skill level 8 in Spellcasting
  5430 | D:5      | Reached skill level 1 in Conjurations
  5848 | D:5      | Reached skill level 9 in Spellcasting
  5848 | D:5      | Reached XP level 8. HP: 41/41 MP: 18/23
  5854 | D:5      | Got a smelly leather armour
  5865 | D:5      | Identified the +3 leather armour of the Wumpus {*Corrode
                  | rF+ Stlth+} (You found it on level 5 of the Dungeon)
  6229 | D:5      | Found a shimmering blue altar of Sif Muna.
  6230 | D:5      | Found a bloodstained altar of Trog.
  6329 | D:6      | Found Tuer Mipt's Weapon Shop.
  6388 | D:6      | Reached ** piety under Vehumet
  6388 | D:6      | Offered knowledge of Freeze by Vehumet.
  6610 | D:6      | Reached skill level 1 in Armour
  6766 | D:6      | Reached skill level 10 in Spellcasting
  7027 | D:6      | Found an opulent altar of Gozag.
  7876 | D:7      | Found Qiowott's Weapon Emporium.
  7990 | D:7      | Reached XP level 9. HP: 42/45 MP: 11/25
  8650 | D:7      | Reached skill level 11 in Spellcasting
  8760 | D:7      | Found a runed translucent door.
  8760 | D:7      | Noticed Gwenloh's ghost (novice HuFi)
  8823 | D:7      | Found a sparkling altar of Nemelex Xobeh.
  8825 | D:7      | Found a basalt altar of Yredelemnul.
  8972 | D:8      | Found a staircase to the Lair.
  9046 | D:8      | Noticed a two-headed ogre
  9051 | D:8      | Killed a two-headed ogre
  9227 | D:8      | Offered knowledge of Searing Ray by Vehumet.
  9232 | D:8      | Reached skill level 10 in Earth Magic
  9266 | D:8      | Reached skill level 12 in Spellcasting
  9473 | D:8      | Found an ornate altar of the Wu Jian Council.
  9571 | D:8      | Reached XP level 10. HP: 50/50 MP: 24/28
  9940 | D:9      | Noticed a two-headed ogre
  9994 | D:9      | Reached skill level 5 in Conjurations
 10192 | D:9      | Killed a two-headed ogre
 10192 | D:9      | Reached *** piety under Vehumet
 10354 | D:9      | Reached skill level 13 in Spellcasting
 10693 | D:9      | Offered knowledge of Dazzling Flash by Vehumet.
 11257 | D:10     | Entered Level 10 of the Dungeon
 12041 | D:10     | Noticed Harold
 12046 | D:10     | Killed Harold
 12046 | D:10     | Reached skill level 14 in Spellcasting
 12046 | D:10     | Reached XP level 11. HP: 54/54 MP: 5/31
 12369 | D:11     | Noticed a purple ugly thing
 12374 | D:11     | Killed a purple ugly thing
 12374 | D:11     | Noticed Sonja
 12375 | D:11     | Killed Sonja
 12386 | D:11     | Got a slimy hand axe
 12480 | D:10     | Got a smoking leather armour
 12491 | D:10     | Identified the +2 leather armour of Benevolence {rN+} (You
                  | found it on level 10 of the Dungeon)
 12501 | D:10     | Identified the +4 hand axe of Woe {vorpal, rN+} (You found
                  | it on level 11 of the Dungeon)
 12547 | D:10     | Reached **** piety under Vehumet
 12750 | D:11     | Offered knowledge of Mephitic Cloud by Vehumet.
 12839 | D:11     | Found Wat Exki's Weapon Shoppe.
 13057 | D:11     | Reached skill level 15 in Spellcasting
 14001 | D:12     | Noticed Fannar
 14019 | D:12     | Reached ***** piety under Vehumet
 14031 | D:12     | Killed Fannar
 14042 | D:12     | Offered knowledge of Ozocubu's Refrigeration by Vehumet.
 14054 | D:12     | Slain by a slime creature

Illustrated notes

Levels and vault maps discovered:
D:1:      lightli_arrival_boilingwater, layout_rooms, dk_noncrumbling_4,
          minmay_tromino_v4_a
D:2:      layout_loops_ring, nicolae_overflow_hidden_temple, first_ration
D:3:      layout_basic, portal_sewer_entry_d, minmay_rat_hole, uniq_ijyb
D:4:      layout_cave_pools, kennysheep_mini, minmay_temple_entry_junction,
          lightli_ossuary_entry_decrepit_ruins, uniq_natasha
D:5:      minmay_octagon_keep, layout_cave_pools,
          gammafunk_temple_overflow_statue, roderic_cross_of_infinity
D:6:      layout_basic, lemuel_crystal_altar, serial_shops, shop
D:7:      layout_loops_corners, gammafunk_temple_overflow_wave, serial_shops,
          shop, gammafunk_ghost_grave
D:8:      layout_basic, marbit_many_paths, lair_entry_dummy,
          hangedman_decor_lopped, grunt_pizzeria
D:9:      layout_rooms, kennysheep_potato
D:10:     layout_loops_ring, uniq_harold
D:11:     layout_roguey, serial_shops, nicolae_shop_trees, uniq_sonja
D:12:     layout_basic, erik_orc_3, gauntlet_entry_generic, uniq_fannar,
          uniq_jorgrun
Temple:   nicolae_temple_great_sept

Skill      XL: |  1  2  3  4  5  6  7  8  9 10 11 |
---------------+----------------------------------+-----
Stealth        | 3 |  3.0
Dodging        | 3 |  3.0
Earth Magic    | 4 5 6 7 8 10 11 12 | 12.9
Spellcasting   | 4 5 6 7 9 10 12 14 15 | 15.8
Conjurations   | 2 3 4 5 6 |  6.4
Armour         | 2 3 4 |  4.0
Transmutations | |  1.1

Action                   |  1- 3 |  4- 6 |  7- 9 | 10-12 || total
-------------------------+-------+-------+-------+-------++-------
Melee: Unarmed           |     4 |       |       |       ||     4
       Dagger            |   101 |    77 |       |     4 ||   182
 Cast: Sandblast         |    29 |    87 |    44 |    34 ||   194
       Stone Arrow       |       |     8 |   106 |   104 ||   218
       Lee's Rapid Decon |       |       |     5 |    66 ||    71
       Petrify           |       |       |       |     1 ||     1
  Use: Scroll            |       |       |     7 |     3 ||    10
 Stab: Sleeping          |     7 |     5 |       |       ||    12
  Eat: Chunk             |     3 |     8 |    16 |    18 ||    45
Armor: Robe              |    25 |    16 |       |       ||    41
       Leather armour    |       |       |     4 |    18 ||    22
Dodge: Dodged            |    94 |    73 |    19 |    39 ||   225
